 Dungeon Crawl Stone Soup version 0.20.1-1-g8b1a95d (webtiles) character file.

9297 Monsterracer the Grappler (level 11, -4/136 HPs)
             Began as a Yellow Draconian Transmuter on July 26, 2017.
             Was a Believer of Ru.
             Slain by a yak (10 damage)
             ... on level 11 of the Dungeon on July 27, 2017.
             The game lasted 00:23:28 (10759 turns).

Monsterracer the Grappler (DrTm)                   Turns: 10759, Time: 00:23:29

Health: -4/136     AC: 11    Str: 18    XL:     11   Next: 21%
Magic:  6/14       EV: 14    Int: 14    God:    Ru [**....]
Gold:   521        SH:  0    Dex: 10    Spells: 2/15 levels left

rFire    . . .     SeeInvis .     - Unarmed
rCold    + . .     Gourm    +   (no shield)
rNeg     + . .     Faith    .   (armour unavailable)
rPois    .         Spirit   .   (helmet restricted)
rElec    .         Reflect  .   q - +2 cloak
rCorr    +         Harm     .   r - +0 pair of gloves
MR       +....                  (no boots)
Stlth    ..........             l - amulet of the gourmand
Regen    0.4/turn               e - ring of protection from cold
MPRegen  0.2/turn               A - ring of positive energy

@: berserking, very quick
A: spit acid, acid resistance, unfitting armour, clumsy 1, dopey 1, magic
resistance 1, screaming 1, cold-blooded, no charms magic, no necromancy magic,
no poison magic, missing an eye, AC +7
a: Breathe Acid, Renounce Religion


You were on level 11 of the Dungeon.
You worshipped Ru.
Ru was pleased with you.
You were not hungry.

You visited 2 branches of the dungeon, and saw 12 of its levels.

You collected 521 gold pieces.

Inventory:

Missiles
 a - 229 arrows
 C - a throwing net (quivered)
Armour
 q - a +2 cloak (worn)
 r - a +0 pair of gloves (worn)
Jewellery
 e - a ring of protection from cold (left hand)
 l - an amulet of the gourmand (around neck)
 A - a ring of positive energy (right hand)
Wands
 s - a wand of scattershot (3/9)
 B - a wand of digging (19/24)
Scrolls
 d - a scroll of recharging
 h - 2 scrolls of blinking
 k - 6 scrolls of teleportation
 m - 4 scrolls of remove curse
 o - 3 scrolls of fog
 u - 3 scrolls of fear
 w - a scroll of magic mapping
 x - a scroll of enchant armour
Potions
 b - 2 potions of haste
 g - 3 potions of flight
 j - 2 potions of mutation
 n - a potion of invisibility
 p - 2 potions of agility
 t - 3 potions of brilliance
 D - a potion of might
Comestibles
 c - 9 bread rations
 f - 7 meat rations
 v - 10 fruits
 z - 3 royal jellies


   Skills:
 + Level 6.9 Fighting
 + Level 5.8 Dodging
 * Level 11.6 Unarmed Combat
 - Level 2.5 Spellcasting
 - Level 1.0 Hexes
 - Level 1.6 Translocations
 + Level 10.0 Transmutations


You had 2 spell levels left.
You knew the following spells:

 Your Spells              Type           Power        Failure   Level  Hunger
a - Confusing Touch       Hex            #.....       14%         1    #......
b - Sticks to Snakes      Tmut           ####....     1%          2    ###....
c - Spider Form           Tmut/Pois      ###.......   9%          3    ###....
d - Blade Hands           Tmut           ####......   10%         5    ######.
e - Blink                 Tloc           N/A          19%         2    ###....


Dungeon Overview and Level Annotations

Branches:
Dungeon (11/15)            Temple (1/1) D:5            Lair (0/6) D:9
    Orc: D:9-12

Altars:
Ashenzari
Cheibriados
Dithmenos
Elyvilon
Fedhas
Gozag
Hepliaklqana
Kikubaaqudgha
Makhleb
Nemelex Xobeh
Okawaru
Qazlal
Ru
Sif Muna
Trog
Uskayaw
Vehumet
Xom
Yredelemnul
Zin
The Shining One

Shops:
D:10 :


Innate Abilities, Weirdness & Mutations

You can spit globs of acid.
You are resistant to acid.
Your golden yellow scales are hard. (AC +7)
You cannot fit into any form of body armour.
You are cold-blooded and may be slowed by cold attacks.
You cannot study or cast Charms magic.
You cannot study or cast Necromancy magic.
You cannot study or cast Poison magic.
You are missing an eye, making it more difficult to aim.
You are clumsy. (Dex -2)
You are dopey. (Int -2)
You are resistant to hostile enchantments. (MR+)
You occasionally shout uncontrollably at your foes.


Message History

The centaur warrior skeleton is heavily damaged.
You punch the centaur warrior skeleton!
The centaur warrior skeleton is severely damaged.
The centaur warrior skeleton completely misses you.
The yak gores you.
* * * LOW HITPOINT WARNING * * *
The yak gores you.
* * * LOW HITPOINT WARNING * * *
The yak completely misses you.
Huge Dmg: -5%(-6hp) hp: 6%(8hp)
You hit the centaur warrior skeleton.
You tail-slap the centaur warrior skeleton!
The centaur warrior skeleton is almost destroyed.
The centaur warrior skeleton hits you.
* * * LOW HITPOINT WARNING * * *
Huge Dmg: -1%(-2hp) hp: 5%(6hp)
You punch the centaur warrior skeleton!
You destroy the centaur warrior skeleton!
The yak gores you!
You die...

####+######
..........#
......Y@..#
.%....YY..#
..........#
..........#
..........#
###########


You could see 3 yaks.

Vanquished Creatures
  Fannar (D:10)
  3 two-headed ogres
  Psyche (D:8)
  Prince Ribbit (D:6)
  A troll (D:9)
  A hippogriff (D:10)
  Sigmund (D:2)
  5 yaks
  Duvessa (D:6)
  A black bear (D:6)
  5 orc warriors
  2 phantoms
  8 sky beasts
  4 ogres
  5 centaurs
  A big kobold (D:10)
  3 bullfrogs
  A water moccasin zombie (D:8)
  Dowan (D:6)
  4 scorpions
  8 killer bees (D:10)
  4 howler monkeys
  5 wights (D:7)
  5 crimson imps
  A quasit (D:6)
  3 centaur skeletons
  2 jellies
  3 orc priests
  5 orc wizards
  A bullfrog skeleton (D:8)
  4 iguanas
  8 worker ants
  A killer bee zombie (D:8)
  A hound zombie (D:6)
  A hound skeleton (D:7)
  A mummy (D:6)
  A howler monkey zombie (D:6)
  A worker ant zombie (D:6)
  4 gnolls (D:3)
  13 adders
  A shadow imp (D:9)
  An ooze (D:5)
  An adder zombie (D:8)
  2 adder skeletons
  3 worms
  4 dart slugs
  6 leopard geckos
  20 orcs
  4 bats
  7 giant cockroaches
  4 goblins
  4 hobgoblins
  A jackal (D:1)
  10 kobolds
  5 quokkas
  A ball python (D:7)
  2 frilled lizards
  2 leopard gecko skeletons (D:4)
  5 rats
205 creatures vanquished.

Vanquished Creatures (collateral kills)
  A crimson imp (D:5)
1 creature vanquished.

Vanquished Creatures (others)
  An orc (D:9)
1 creature vanquished.

Grand Total: 207 creatures vanquished

Notes
Turn   | Place    | Note
-------+----------+-------------------------------------------
     0 | D:1      | Monsterracer the Draconian Transmuter began the quest for the Orb.
     0 | D:1      | Reached XP level 1. HP: 16/16 MP: 3/3
   210 | D:1      | Reached XP level 2. HP: 19/23 MP: 3/5
   230 | D:1      | Learned a level 2 spell: Sticks to Snakes
   263 | D:1      | HP: 11/23 [rat (1)]
   661 | D:1      | Reached XP level 3. HP: 26/28 MP: 6/6
   666 | D:1      | Learned a level 3 spell: Spider Form
  1012 | D:2      | Found a bloodstained altar of Trog.
  1128 | D:2      | Noticed Sigmund
  1142 | D:2      | Killed Sigmund
  1142 | D:2      | Reached skill level 4 in Unarmed Combat
  1142 | D:2      | Reached XP level 4. HP: 35/35 MP: 7/7
  1142 | D:2      | Reached XP level 5. HP: 40/40 MP: 8/8
  1313 | D:2      | Reached skill level 5 in Unarmed Combat
  1870 | D:3      | Reached XP level 6. HP: 40/47 MP: 5/9
  2112 | D:4      | Reached skill level 5 in Transmutations
  2315 | D:4      | Found a stormy altar of Qazlal.
  2880 | D:5      | Entered Level 5 of the Dungeon
  2939 | D:5      | HP: 23/47 [iguana (13)]
  3139 | D:5      | Your scales start taking on a golden yellow colour.
  3139 | D:5      | Reached XP level 7. HP: 27/52 MP: 7/10
  3139 | D:5      | HP: 26/52 [poisoned by a scorpion]
  3145 | D:5      | Reached skill level 6 in Unarmed Combat
  3145 | D:5      | HP: 21/52 [poisoned by a scorpion]
  3152 | D:5      | HP: 19/52 [poisoned by a scorpion]
  3159 | D:5      | HP: 19/52 [poisoned by a scorpion]
  3167 | D:5      | HP: 18/52 [poisoned by a scorpion]
  3371 | D:5      | Found a staircase to the Ecumenical Temple.
  3403 | D:5      | Learned a level 5 spell: Blade Hands
  3441 | Temple   | Entered the Ecumenical Temple
  3627 | Temple   | Became a worshipper of Ru the Awakened
  3994 | D:5      | HP: 25/52 [centaur skeleton (6)]
  4508 | D:6      | Noticed Prince Ribbit
  4509 | D:6      | Noticed Dowan
  4509 | D:6      | Noticed Duvessa
  4533 | D:6      | Killed Duvessa
  4533 | D:6      | Reached skill level 7 in Unarmed Combat
  4533 | D:6      | Reached XP level 8. HP: 48/59 MP: 8/11
  4549 | D:6      | Killed Prince Ribbit
  4550 | D:6      | Killed Dowan
  4553 | D:6      | HP: 25/59 [sky beast (5)]
  4731 | D:6      | HP: 21/59 [orc warrior/halberd (21)]
  4734 | D:5      | HP: 9/59 [orc warrior/halberd (13)]
  4744 | D:5      | Reached skill level 8 in Unarmed Combat
  4747 | D:5      | Learned a level 1 spell: Confusing Touch
  5328 | D:6      | Found a snail-covered altar of Cheibriados.
  5453 | D:6      | Reached skill level 1 in Hexes
  5645 | D:6      | Found a glowing golden altar of the Shining One.
  5650 | D:6      | Reached XP level 9. HP: 58/67 MP: 6/12
  5664 | D:6      | Learned a level 2 spell: Blink
  5721 | D:7      | Found a shimmering altar of Xom.
  5898 | D:7      | Reached skill level 1 in Translocations
  5913 | D:7      | Gained mutation: You cannot study or cast Poison magic. [Ru sacrifice]
  5913 | D:7      | Gained mutation: You cannot study or cast Necromancy magic. [Ru sacrifice]
  5913 | D:7      | Gained mutation: You cannot study or cast Charms magic. [Ru sacrifice]
  5913 | D:7      | Reached * piety under Ru
  5943 | D:7      | HP: 31/67 [wight/halberd of freezing (3)]
  6339 | D:7      | Found a blossoming altar of Fedhas.
  6627 | D:8      | HP: 33/68 [centaur/arrow (5)]
  6633 | D:8      | Reached skill level 9 in Unarmed Combat
  6913 | D:8      | Noticed Psyche
  6918 | D:8      | Killed Psyche
  6926 | D:8      | Noticed a two-headed ogre
  6942 | D:8      | HP: 33/70 [killer bee zombie (4)]
  6951 | D:8      | HP: 30/70 [killer bee zombie (4)]
  6959 | D:8      | HP: 21/70 [killer bee zombie (1)]
  7197 | D:8      | Killed a two-headed ogre
  7202 | D:8      | HP: 31/71 [orc warrior/long sword (12)]
  7203 | D:8      | Reached XP level 10. HP: 35/80 MP: 8/13
  7620 | D:8      | Reached skill level 10 in Unarmed Combat
  8013 | D:8      | Reached skill level 5 in Fighting
  8273 | D:9      | Found a staircase to the Lair.
  8385 | D:9      | Noticed a two-headed ogre
  8393 | D:9      | HP: 34/81 [two-headed ogre/giant spiked club (8)]
  8394 | D:9      | Killed a two-headed ogre
  8622 | D:9      | HP: 40/81 [ogre/giant spiked club (17)]
  8673 | D:9      | HP: 37/81 [yak (14)]
  8879 | D:9      | HP: 32/83 [yak (14)]
  8880 | D:9      | HP: 9/83 [yak (17)]
  8888 | D:9      | Reached skill level 5 in Dodging
  8908 | D:8      | HP: 14/83 [yak (1)]
  9291 | D:9      | Reached skill level 11 in Unarmed Combat
  9324 | D:9      | HP: 36/83 [orc priest/divine providence (16)]
  9329 | D:9      | HP: 31/83 [orc/flail of crushing (5)]
  9342 | D:9      | Gained mutation: You are clumsy. (Dex -2) [mutagenic meat]
  9343 | D:9      | Gained mutation: You are resistant to hostile enchantments. (MR+) [mutagenic meat]
  9344 | D:9      | Gained mutation: You are dopey. (Int -2) [mutagenic meat]
  9345 | D:9      | Gained mutation: You occasionally shout uncontrollably at your foes. [mutagenic meat]
  9379 | D:9      | HP: 39/83 [bullfrog (2)]
  9728 | D:9      | Found an iron altar of Okawaru.
  9728 | D:9      | Found an ancient bone altar of Kikubaaqudgha.
  9851 | D:9      | HP: 40/83 [troll (3)]
  9865 | D:9      | Gained mutation: You are missing an eye, making it more difficult to aim. [Ru sacrifice]
  9865 | D:9      | Reached ** piety under Ru
  9937 | D:10     | Entered Level 10 of the Dungeon
 10422 | D:10     | Noticed a two-headed ogre
 10431 | D:10     | Killed a two-headed ogre
 10431 | D:10     | Reached XP level 11. HP: 64/91 MP: 4/14
 10568 | D:10     | Found Daibakle's Book Boutique.
 10576 | D:10     | Noticed Fannar
 10590 | D:10     | Killed Fannar
 10595 | D:10     | Reached skill level 10 in Transmutations
 10721 | D:10     | Noticed a two-headed ogre
 10721 | D:10     | HP: 45/91 [poisoned by a killer bee]
 10725 | D:10     | HP: 20/91 [two-headed ogre/giant club (9)]
 10725 | D:10     | HP: 3/91 [two-headed ogre/giant club (17)]
 10744 | D:10     | HP: 11/91 [killer bee (7)]
 10749 | D:10     | HP: 6/91 [poisoned by a killer bee]
 10757 | D:11     | HP: 9/136 [yak (5)]
 10759 | D:11     | Slain by a yak

Skill      XL: |  1  2  3  4  5  6  7  8  9 10 11 |
---------------+----------------------------------+-----
Transmutations | 4 5 7 8 9 10 | 10.0
Unarmed Combat | 4 5 7 8 9 11 | 11.6
Dodging        | 2 4 5 |  5.8
Fighting       | 2 4 6 |  6.9
Hexes          | 1 |  1.0
Translocations | 1 |  1.6
Spellcasting   | |  2.5

Action                   |  1- 3 |  4- 6 |  7- 9 | 10-12 || total
-------------------------+-------+-------+-------+-------++-------
Melee: Unarmed           |    75 |   151 |   274 |   289 ||   789
       Kick              |    10 |       |       |       ||    10
       Tailslap          |     6 |     8 |    24 |    26 ||    64
       Headbutt          |     1 |       |       |       ||     1
       Punch             |     1 |       |     4 |     3 ||     8
 Cast: Beastly Appendage |     7 |       |       |       ||     7
       Spider Form       |     1 |     6 |    10 |       ||    17
       Sticks to Snakes  |       |     5 |     1 |     3 ||     9
       Blade Hands       |       |       |     9 |    17 ||    26
       Confusing Touch   |       |       |     2 |       ||     2
Invok: Sacrifice Arcana  |       |       |     1 |       ||     1
       Sacrifice an Eye  |       |       |       |     1 ||     1
 Abil: Breathe Acid      |       |       |     2 |     4 ||     6
  Use: Scroll            |     8 |     9 |     3 |     2 ||    22
       Potion            |     1 |       |     1 |     3 ||     5
 Stab: Sleeping          |     1 |       |     2 |     1 ||     4
       Confused          |       |       |     1 |       ||     1
       Invisible         |       |       |     1 |       ||     1
  Eat: Chunk             |     1 |     7 |    20 |    18 ||    46
       Meat ration       |       |       |     1 |       ||     1
Armor: Skin              |    17 |    36 |    54 |    79 ||   186
Dodge: Dodged            |    50 |    94 |   179 |   169 ||   492
